 Dungeon Crawl Stone Soup version 0.30.0-15-g856e2d3f33 (webtiles) character file.

Game seed: 4517079204469776022

110947 qw the Peltast (level 16, -2/101 HPs)
             Began as a Gargoyle Fighter on May 20, 2023.
             Was an Elder of Okawaru.
             Slain by a naga warrior
             ... wielding a +0 halberd
              (23 damage)
             ... on level 2 of the Snake Pit.
             The game lasted 00:13:02 (22793 turns).

qw the Peltast (Gargoyle Fighter)                  Turns: 22793, Time: 00:13:02

Health: -2/101     AC: 44    Str: 27    XL:     16   Next: 56%
Magic:  23/23      EV: 11    Int:  8    God:    Okawaru [****..]
Gold:   1109       SH: 27    Dex: 15    Spells: 15/15 levels left

rFire   . . .        f - +4 broad axe (venom)
rCold   + . .        z - +0 tower shield
rNeg    + . .        q - +2 plate armour {rPois}
rPois   inf          e - +1 helmet
rElec   +            g - +0 cloak
rCorr   .            h - +2 pair of gloves
SInv    .            r - +1 pair of boots
Will    +....        j - amulet of reflection Stlth
                     y - +6 ring of dexterity
HPRegen 0.36/turn    v - ring of protection from cold
MPRegen 0.18/turn

%: reflection, clarity
@: about to teleport, heroic, weakened, flying, slowed, very slow
A: sickness immunity, AC +12, big wings, negative energy resistance 1,
electricity resistance, torment resistance 1, petrification resistance,
iridescent scales 1, clarity, dopey 1
a: Renounce Religion, Heroism, Finesse


You were on level 2 of the Snake Pit.
You worshipped Okawaru.
Okawaru was greatly pleased with you.
You visited 5 branches of the dungeon, and saw 25 of its levels.

You collected 2850 gold pieces.
You spent 1741 gold pieces at shops.


Innate Abilities, Weirdness & Mutations

You are immune to sickness and miasma.
Your stone body is resilient. (AC +12)
You are immune to poison.
Your large and strong wings let you fly.
You resist negative energy. (rN+)
You are resistant to electric shocks. (rElec)
You are resistant to unholy torment.
You are immune to petrification.
You are partially covered in iridescent scales. (AC +2)
You possess an exceptional clarity of mind.
You are dopey. (Int -2)


   Skills:
 - Level 12.0(17.0) Fighting
 - Level 16.0(21.0) Axes
 - Level 6.0(11.0) Throwing
 - Level 12.0(17.0) Armour
 + Level 3.5(8.5) Dodging
 - Level 16.1(21.1) Shields
 - Level 10.0 Invocations


You had 15 spell levels left.
You didn't know any spells.
Your spell library was empty.

Inventory:

Hand Weapons
 f - a +4 broad axe of venom (weapon)
 A - a +2 hand axe of flaming
Missiles
 u - 6 boomerangs (quivered)
Armour
 a - a +0 plate armour of cold resistance
 e - a +1 helmet (worn)
 g - a +0 cloak (worn)
 h - a +2 pair of gloves (worn)
 q - a +2 plate armour of poison resistance (worn)
 r - a +1 pair of boots (worn)
 w - the +3 hat of Pondering {ponderous, Will+ MP+10 Int+5}
   (You took it off Gastronok on level 12 of the Dungeon)

   Int:       It affects your intelligence (+5).
   MP:        It affects your magic capacity (+10).
   Will:      It increases your willpower.
 x - +0 acid dragon scales
 z - a +0 tower shield (worn)
Jewellery
 j - an amulet of reflection (around neck)
 v - a ring of protection from cold (right hand)
 y - a +6 ring of dexterity (left hand)
 Y - a ring of positive energy
Wands
 n - a wand of digging (1)
Scrolls
 b - 3 scrolls of teleportation
 i - 18 scrolls of identify
Potions
 c - a potion of resistance
 d - 5 potions of might
 k - 11 potions of curing
 l - 8 potions of mutation
 m - 5 potions of haste
 o - 5 potions of attraction
 p - 4 potions of heal wounds
 s - 4 potions of lignification
 t - a potion of magic

Dungeon Overview and Level Annotations

Branches:
Dungeon (15/15)            Temple (1/1) D:4            Lair (5/5) D:11
 Shoals (0/4) Lair:2        Snake (2/4) Lair:2        Slime (0/5) Lair:4
    Orc (2/2) D:10            Elf (0/3) Orc:2        Vaults (0/5) D:13
 Depths (0/4) D:15

Altars:
Ashenzari
Cheibriados
Dithmenos
Elyvilon
Fedhas
Gozag
Hepliaklqana
Kikubaaqudgha
Makhleb
Nemelex Xobeh
Okawaru
Qazlal
Ru
Sif Muna
Trog
Uskayaw
Vehumet
Wu Jian
Xom
Yredelemnul
Zin
The Shining One
Lugonu

Shops:
D:1 ([   D:2 (   D:9 *[(!   D:11 =   Orc:2 *?(*   Snake:1 !

Portals:
Abyss: Lair:5

Annotations:
D:11 1 runed translucent door, qw's ghost, journeyman GrFi
D:12 2 transporters, qw's ghost, journeyman GrCA
Lair:2 1 runed translucent door


Message History

The naga sharpshooter magically shoots a bolt.
The bolt hits you but does no damage. You block the shock serpent's attack.
You block the guardian serpent's attack.
You slash the guardian serpent!
The guardian serpent is heavily wounded.
You closely miss the shock serpent. You block the salamander's attack.
The guardian serpent closely misses you.
You block the shock serpent's attack.
The naga sharpshooter unwields a +0 war axe.
The naga sharpshooter wields a +0 arbalest.
The naga sharpshooter casts a spell.
The naga sharpshooter magically shoots a bolt.
You block the bolt with an invisible shield... and reflect it back!
The shock serpent bites you but does no damage.
The guardian serpent hits you but does no damage.
You slash the guardian serpent!
The guardian serpent is severely wounded.
You closely miss the shock serpent.
You block the guardian serpent's attack.
You block the shock serpent's attack.
You hit the guardian serpent but do no damage.
The guardian serpent is severely wounded.
You hit the shock serpent.
The shock serpent is poisoned.
The guardian serpent coils itself and waves its upper body at you.
The bolt of poison misses you.
The shock serpent shoots out a bolt of lightning at you!
The bolt of electricity hits you! You resist. The bolt of electricity hits you!
You resist.
The bolt of electricity hits the shock serpent.
The shock serpent completely resists.
You block the naga warrior's attack. You block the shock serpent's attack.
You block the guardian serpent's attack.
22793 ||| READING 4 scrolls of teleportation.
As you read the scroll of teleportation, it crumbles to dust.
You feel strangely unstable.
The guardian serpent closely misses you.
You block the shock serpent's attack.
The naga warrior hits you from afar with a +0 halberd!!
You die...

#.. #.. #... ...
# ... ##. #.# .#
.... #.## ...#
..... #<##.....
..#..N##@..#...
#...NNSS.......
.....NN##N......
.(...N# .......
...NN# ......#
.##.. ...[.## #.
....#.. .
..##... ..


You could see a naga warrior, 2 naga sharpshooters, a salamander, a shock
serpent (very poisoned), a guardian serpent (poisoned) and 4 nagas.

Vanquished Creatures
  Gastronok (D:12)
  Azrael (Snake:1)
  Snorg (Lair:4)
  2 ogre magi (D:15)
  A vault guard (D:13)
  A great orb of eyes (D:15)
  A salamander tyrant (Snake:2)
  3 hydras
  An anaconda (Snake:1)
  A naga warrior (Snake:1)
  A tengu warrior (D:13)
  3 boulder beetles
  12 two-headed ogres
  12 death yaks
  7 centaur warriors
  3 thrashing horrors (Lair:5)
  Urug (Lair:5)
  3 orc high priests (Orc:2)
  Sonja (Lair:4)
  4 skysharks
  A salamander mystic (Snake:2)
  4 skeletal warriors (D:14)
  2 naga ritualists (Snake:1)
  A lindwurm (Lair:5)
  4 orc knights (Orc:2)
  4 mana vipers (Snake:1)
  5 cyclopes
  An oklob plant (Lair:4)
  4 orc sorcerers (Orc:2)
  4 deep elf pyromancers
  2 manticores (D:14)
  A salamander (Snake:2)
  A moth of wrath (shapeshifter) (Lair:5)
  19 ugly things
  14 black mambas
  7 elephants
  A smoke demon (Lair:5)
  A naga mage (Snake:1)
  2 gargoyles
  A torpor snail (Lair:5)
  A black mamba (shapeshifter) (Lair:5)
  A cane toad (shapeshifter) (D:15)
  A kobold demonologist (D:11)
  An unseen horror (D:12)
  5 komodo dragons
  8 cane toads
  An efreet (D:15)
  3 rime drakes
  2 tengu conjurers
  An ancient zyme (Lair:5)
  3 polar bears
  A hornet (D:9)
  10 trolls
  A wind drake (shapeshifter) (D:15)
  13 blink frogs
  A raiju (shapeshifter) (D:15)
  Prince Ribbit (D:5)
  10 dream sheep (Lair:5)
  22 slime creatures
  3 shadows
  3 wyverns
  A wraith (D:12)
  A culicivora (shapeshifter) (Lair:5)
  2 spriggans (Lair:5)
  Eustachio (D:5)
  2 water elementals
  25 yaks
  A fire elemental (Snake:1)
  A human (shapeshifter) (D:13)
  A human (Lair:2)
  15 basilisks
  2 chaos spawn (Lair:5)
  A steam dragon (D:8)
  6 small abominations (Lair:5)
  4 vampire mosquitoes (D:14)
  2 acid dragons
  8 nagas
  A swamp worm (shapeshifter) (D:13)
  5 wargs
  A large abomination (Lair:5)
  14 water moccasins
  4 hell hounds (Snake:1)
  4 sky beasts
  26 orc warriors
  A swamp drake (D:10)
  A black bear (D:5)
  49 wolves
  9 ogres
  14 centaurs
  A phantom (D:5)
  A kobold brigand (D:8)
  9 bullfrogs
  4 scorpions
  3 gnoll sergeants
  18 wights
  11 killer bees
  4 howler monkeys
  3 electric eels
  5 hounds
  A jelly (D:6)
  27 orc priests
  4 gnoll boudas
  Ijyb (D:5)
  An iguana (D:5)
  30 orc wizards
  6 hell rats (Lair:5)
  10 adders
  34 gnolls
  A shadow imp (D:6)
  3 white imps
  An ufetubus (D:6)
  2 worms
  4 dart slugs
  97 orcs
  5 bats
  2 endoplasms
  3 giant cockroaches
  5 goblins
  5 hobgoblins
  13 kobolds
  3 quokkas
  5 ball pythons
  3 frilled lizards (D:1)
  4 hobgoblin zombies (D:3)
  2 kobold skeletons (D:3)
  2 kobold zombies (D:3)
  3 orc zombies (D:3)
  3 rats
772 creatures vanquished.

Vanquished Creatures (others)
  A deep elf pyromancer (D:15)
1 creature vanquished.

Grand Total: 773 creatures vanquished

Notes
Turn   | Place    | Note
-------+----------+-------------------------------------------
     0 | D:1      | qw the Gargoyle Fighter began the quest for the Orb.
     0 | D:1      | Reached XP level 1. HP: 14/14 MP: 1/1
     0 | D:1      | 0 ||| qw: Version: 0.2-a-97-g499787f
     0 | D:1      | 0 ||| qw: Game counter: 79
     0 | D:1      | 0 ||| qw: Always use a shield: true
     0 | D:1      | 0 ||| qw: God list: Okawaru
     0 | D:1      | 0 ||| qw: Allow faded altars: false
     0 | D:1      | 0 ||| qw: Do Orc after D:15 true
     0 | D:1      | 0 ||| qw: Do second Lair branch before Depths: true
     0 | D:1      | 0 ||| qw: Lair rune preference: random
     0 | D:1      | 0 ||| qw: Plans: Normal, Zot:1-4, God:TSO, Crypt, Tomb,
                  | Pan, Slime:5, Hells, Abyss, Win
     0 | D:1      | 0 ||| PLANNING D:1-11
   114 | D:1      | Found Xeule's Armour Shop.
   121 | D:1      | 121 ||| SHOPLISTING +3 chain mail of fire resistance (291
                  | gold, have 0).
   121 | D:1      | 121 ||| SHOPLISTING +4 ring mail of Hianwumm {Rampage
                  | +Blink} (418 gold, have 0).
   138 | D:1      | 138 ||| Stepping ~*~*~tactically~*~*~ (stealth).
   174 | D:1      | Reached XP level 2. HP: 19/19 MP: 2/2
   309 | D:1      | 309 ||| Stepping ~*~*~tactically~*~*~ (hiding).
   686 | D:1      | Found Funwuitt's Weapon Shop.
   690 | D:1      | 690 ||| SHOPLISTING +0 mace (39 gold, have 25).
   795 | D:1      | Found an opulent altar of Gozag.
   806 | D:1      | 806 ||| UPGRADING to +0 cloak.
   811 | D:1      | 811 ||| READING scroll labelled XIDOXKIA SEOS.
   812 | D:1      | 812 ||| READING scroll labelled NOUQUM GOZEAM.
   813 | D:1      | 813 ||| READING scroll labelled XUILEXO AKHLA.
   814 | D:1      | 814 ||| READING scroll labelled SITOKHL BEFAETS.
   815 | D:1      | 815 ||| READING scroll labelled URIORU REFO.
   848 | D:2      | Reached skill level 3 in Axes
   919 | D:2      | Reached XP level 3. HP: 20/23 MP: 3/3
   933 | D:2      | Found Sucsyram's Antique Weapon Shop.
   949 | D:2      | 949 ||| SHOPLISTING mace (87 gold, have 50).
   965 | D:2      | 965 ||| SWAPPING to +2 war axe of flaming.
   966 | D:2      | 966 ||| DROPPING +0 club.
   967 | D:2      | 967 ||| DROPPING +0 war axe of venom.
  1139 | D:2      | Reached XP level 4. HP: 21/28 MP: 4/4
  1187 | D:2      | 1187 ||| Stepping ~*~*~tactically~*~*~ (hiding).
  1188 | D:2      | 1188 ||| Stepping ~*~*~tactically~*~*~ (hiding).
  1285 | D:2      | 1285 ||| Stepping ~*~*~tactically~*~*~ (hiding).
  1419 | D:2      | Found a faded altar of an unknown god.
  1648 | D:2      | 1648 ||| UPGRADING to +0 pair of gloves.
  1653 | D:2      | 1653 ||| UPGRADING to ring of positive energy.
  1654 | D:2      | 1654 ||| READING 2 scrolls labelled NUK ENOATIBASOCE.
  1655 | D:2      | 1655 ||| READING 3 scrolls labelled DEFRUCV PINTO.
  1656 | D:2      | 1656 ||| READING 2 scrolls of enchant weapon.
  1656 | D:2      | 1656 ||| ENCHANTING +3 war axe of flaming.
  1657 | D:2      | 1657 ||| READING scroll of enchant weapon.
  1657 | D:2      | 1657 ||| ENCHANTING +4 war axe of flaming.
  1658 | D:2      | 1658 ||| READING scroll labelled REPLAZI WIPNU.
  1714 | D:3      | Reached XP level 5. HP: 12/32 MP: 5/5
  1738 | D:3      | 1738 ||| Stepping ~*~*~tactically~*~*~ (stealth).
  1780 | D:3      | 1780 ||| Stepping ~*~*~tactically~*~*~ (stealth).
  1964 | D:3      | Found a shimmering altar of Xom.
  1965 | D:3      | 1965 ||| Stepping ~*~*~tactically~*~*~ (hiding).
  1966 | D:3      | 1966 ||| Stepping ~*~*~tactically~*~*~ (hiding).
  1979 | D:3      | 1979 ||| Stepping ~*~*~tactically~*~*~ (hiding).
  1982 | D:3      | 1982 ||| Stepping ~*~*~tactically~*~*~ (hiding).
  1983 | D:3      | 1983 ||| Stepping ~*~*~tactically~*~*~ (hiding).
  1988 | D:3      | Reached XP level 6. HP: 38/38 MP: 6/6
  1995 | D:3      | 1995 ||| Stepping ~*~*~tactically~*~*~ (stealth).
  2005 | D:3      | Found a basalt altar of Yredelemnul.
  2014 | D:3      | 2014 ||| Stepping ~*~*~tactically~*~*~ (stealth).
  2019 | D:3      | 2019 ||| Stepping ~*~*~tactically~*~*~ (stealth).
  2033 | D:3      | 2033 ||| Stepping ~*~*~tactically~*~*~ (stealth).
  2035 | D:3      | 2035 ||| Stepping ~*~*~tactically~*~*~ (stealth).
  2114 | D:3      | 2114 ||| Stepping ~*~*~tactically~*~*~ (stealth).
  2163 | D:3      | Found a glowing golden altar of the Shining One.
  2403 | D:3      | 2403 ||| UPGRADING to +0 helmet.
  2408 | D:3      | 2408 ||| UPGRADING to +0 chain mail.
  2418 | D:3      | 2418 ||| DROPPING +0 scale mail.
  2419 | D:3      | 2419 ||| READING scroll labelled PEINWO WANI.
  2540 | D:4      | 2540 ||| Stepping ~*~*~tactically~*~*~ (stealth).
  2664 | D:4      | 2664 ||| Stepping ~*~*~tactically~*~*~ (hiding).
  2665 | D:4      | 2665 ||| Stepping ~*~*~tactically~*~*~ (hiding).
  2680 | D:4      | Reached skill level 6 in Axes
  2681 | D:4      | Reached skill level 1 in Dodging
  2685 | D:4      | Reached XP level 7. HP: 21/43 MP: 7/7
  2834 | D:4      | Found a staircase to the Ecumenical Temple.
  2835 | D:4      | 2835 ||| PLANNING TEMPLE
  2835 | D:4      | 2835 ||| DRINKING 2 lumpy grey potions.
  2835 | D:4      | Gained mutation: You are partially covered in iridescent
                  | scales. (AC +2) [potion of mutation]
  2835 | D:4      | Gained mutation: You possess an exceptional clarity of
                  | mind. [potion of mutation]
  2836 | D:4      | 2836 ||| READING 2 scrolls of identify.
  2836 | D:4      | 2836 ||| IDENTIFYING cyan potion
  2837 | D:4      | 2837 ||| DROPPING potion of degeneration.
  2846 | Temple   | Entered the Ecumenical Temple
  2945 | Temple   | 2945 ||| PLANNING OKAWARU WORSHIP
  3116 | Temple   | Became a worshipper of Warmaster Okawaru
  3116 | Temple   | 3116 ||| PLANNING D:1-11
  3431 | D:5      | Entered Level 5 of the Dungeon
  3438 | D:5      | Found a radiant altar of Vehumet.
  3644 | D:5      | Noticed Ijyb
  3651 | D:5      | Reached XP level 8. HP: 49/49 MP: 8/8
  3657 | D:5      | Killed Ijyb
  3657 | D:5      | Reached * piety under Okawaru
  3717 | D:5      | Reached skill level 1 in Invocations
  3773 | D:5      | 3773 ||| Stepping ~*~*~tactically~*~*~ (stealth).
  3855 | D:5      | Noticed Eustachio
  3856 | D:5      | 3856 ||| INVOKING Heroism.
  3856 | D:5      | Noticed Prince Ribbit
  3857 | D:5      | 3857 ||| Stepping ~*~*~tactically~*~*~ (hiding).
  3858 | D:5      | 3858 ||| Stepping ~*~*~tactically~*~*~ (hiding).
  3862 | D:5      | 3862 ||| Stepping ~*~*~tactically~*~*~ (hiding).
  3874 | D:5      | Killed Eustachio
  3875 | D:5      | Reached skill level 3 in Invocations
  3878 | D:5      | 3878 ||| INVOKING Heroism.
  3885 | D:5      | Killed Prince Ribbit
  3898 | D:5      | 3898 ||| Stepping ~*~*~tactically~*~*~ (stealth).
  4100 | D:5      | 4100 ||| INVOKING Heroism.
  4123 | D:5      | 4123 ||| Stepping ~*~*~tactically~*~*~ (stealth).
  4125 | D:5      | 4125 ||| Stepping ~*~*~tactically~*~*~ (hiding).
  4126 | D:5      | 4126 ||| Stepping ~*~*~tactically~*~*~ (hiding).
  4138 | D:5      | 4138 ||| Stepping ~*~*~tactically~*~*~ (stealth).
  4140 | D:5      | 4140 ||| Stepping ~*~*~tactically~*~*~ (stealth).
  4148 | D:5      | 4148 ||| Stepping ~*~*~tactically~*~*~ (hiding).
  4150 | D:5      | 4150 ||| Stepping ~*~*~tactically~*~*~ (hiding).
  4152 | D:5      | 4152 ||| Stepping ~*~*~tactically~*~*~ (hiding).
  4154 | D:5      | 4154 ||| INVOKING Heroism.
  4159 | D:5      | Reached skill level 6 in Fighting
  4315 | D:5      | 4315 ||| DROPPING scarf of invisibility.
  4316 | D:5      | 4316 ||| READING scroll labelled VIUGHE ISIPI.
  4321 | D:5      | 4321 ||| READING scroll labelled BUT CE MEAFOLL.
  4322 | D:5      | 4322 ||| READING scroll labelled PEFRAENLEL.
  4323 | D:5      | 4323 ||| DRINKING 2 viscous black potions.
  4324 | D:5      | 4324 ||| DROPPING potion of invisibility.
  4346 | D:6      | 4346 ||| INVOKING Heroism.
  4355 | D:6      | Reached XP level 9. HP: 53/55 MP: 10/12
  4372 | D:6      | 4372 ||| STAIRDANCE
  4376 | D:5      | 4376 ||| INVOKING Heroism.
  4521 | D:6      | 4521 ||| INVOKING Heroism.
  4569 | D:6      | Reached skill level 1 in Throwing
  4658 | D:6      | 4658 ||| INVOKING Heroism.
  4667 | D:6      | Reached skill level 9 in Axes
  4678 | D:6      | 4678 ||| Stepping ~*~*~tactically~*~*~ (stealth).
  4679 | D:6      | 4679 ||| Stepping ~*~*~tactically~*~*~ (stealth).
  4720 | D:6      | 4720 ||| INVOKING Heroism.
  4789 | D:6      | 4789 ||| SWAPPING to +2 broad axe of flaming.
  4790 | D:6      | 4790 ||| DROPPING +5 war axe of flaming.
  5005 | D:6      | 5005 ||| UPGRADING to +0 plate armour.
  5015 | D:6      | 5015 ||| DROPPING +0 chain mail.
  5016 | D:6      | 5016 ||| DROPPING +2 hat.
  5017 | D:6      | 5017 ||| READING scroll labelled XIRUSS NO FOSMA.
  5018 | D:6      | 5018 ||| DRINKING 2 inky potions.
  5019 | D:6      | 5019 ||| DRINKING 2 silvery potions.
  5020 | D:6      | 5020 ||| READING 2 scrolls of identify.
  5020 | D:6      | 5020 ||| IDENTIFYING grey potion
  5021 | D:6      | 5021 ||| DROPPING potion of brilliance.
  5052 | D:7      | Found a white marble altar of Elyvilon.
  5052 | D:7      | Found a shimmering blue altar of Sif Muna.
  5131 | D:7      | Found a broken altar of Ashenzari.
  5163 | D:7      | 5163 ||| Stepping ~*~*~tactically~*~*~ (hiding).
  5165 | D:7      | 5165 ||| Stepping ~*~*~tactically~*~*~ (hiding).
  5173 | D:7      | 5173 ||| INVOKING Heroism.
  5182 | D:7      | Reached skill level 6 in Armour
  5441 | D:7      | Reached ** piety under Okawaru
  5696 | D:8      | 5696 ||| INVOKING Heroism.
  5719 | D:8      | Reached XP level 10. HP: 52/63 MP: 13/13
  5732 | D:8      | 5732 ||| Stepping ~*~*~tactically~*~*~ (stealth).
  5869 | D:8      | 5869 ||| Stepping ~*~*~tactically~*~*~ (hiding).
  5877 | D:8      | 5877 ||| Stepping ~*~*~tactically~*~*~ (hiding).
  5882 | D:8      | 5882 ||| INVOKING Heroism.
  5884 | D:8      | 5884 ||| Stepping ~*~*~tactically~*~*~ (hiding).
  5892 | D:8      | 5892 ||| Stepping ~*~*~tactically~*~*~ (stealth).
  5897 | D:8      | 5897 ||| INVOKING Heroism.
  5991 | D:8      | 5991 ||| Stepping ~*~*~tactically~*~*~ (stealth).
  6013 | D:8      | 6013 ||| READING scroll of enchant weapon.
  6013 | D:8      | 6013 ||| ENCHANTING +2 broad axe of flaming.
  6267 | D:8      | Found a sparkling altar of Nemelex Xobeh.
  6377 | D:8      | 6377 ||| UPGRADING to amulet of reflection.
  6403 | D:9      | 6403 ||| Stepping ~*~*~tactically~*~*~ (hiding).
  6462 | D:9      | 6462 ||| Stepping ~*~*~tactically~*~*~ (stealth).
  6469 | D:9      | 6469 ||| INVOKING Heroism.
  6588 | D:9      | Found Kubra's Distillery.
  6592 | D:9      | 6592 ||| BUYING 2 potions of haste (260 gold).
  6592 | D:9      | Bought 2 potions of haste for 260 gold pieces
  6592 | D:9      | 6592 ||| BUYING 2 potions of heal wounds (130 gold).
  6592 | D:9      | Bought 2 potions of heal wounds for 130 gold pieces
  6592 | D:9      | 6592 ||| BUYING potion of attraction (39 gold).
  6592 | D:9      | Bought a potion of attraction for 39 gold pieces
  6592 | D:9      | 6592 ||| SHOPLISTING potion of cancellation (104 gold, have
                  | 48).
  6592 | D:9      | 6592 ||| BUYING potion of curing (39 gold).
  6592 | D:9      | Bought a potion of curing for 39 gold pieces
  6592 | D:9      | 6592 ||| SHOPLISTING potion of haste (130 gold, have 9).
  6592 | D:9      | 6592 ||| SHOPLISTING potion of heal wounds (65 gold, have
                  | 9).
  6592 | D:9      | 6592 ||| SHOPLISTING potion of mutation (104 gold, have 9).
  6602 | D:9      | 6602 ||| Stepping ~*~*~tactically~*~*~ (hiding).
  6603 | D:9      | 6603 ||| Stepping ~*~*~tactically~*~*~ (hiding).
  6714 | D:9      | 6714 ||| Stepping ~*~*~tactically~*~*~ (stealth).
  6715 | D:9      | 6715 ||| Stepping ~*~*~tactically~*~*~ (stealth).
  6771 | D:9      | Found Ruehuim's Antique Weapon Shop.
  6779 | D:9      | 6779 ||| SHOPLISTING runed war axe (182 gold, have 9).
  6785 | D:9      | 6785 ||| INVOKING Heroism.
  6868 | D:9      | 6868 ||| Stepping ~*~*~tactically~*~*~ (hiding).
  6871 | D:9      | 6871 ||| INVOKING Heroism.
  6943 | D:9      | 6943 ||| Stepping ~*~*~tactically~*~*~ (stealth).
  6944 | D:9      | 6944 ||| Stepping ~*~*~tactically~*~*~ (stealth).
  6946 | D:9      | 6946 ||| Stepping ~*~*~tactically~*~*~ (hiding).
  7074 | D:9      | Found Piv Core's Assorted Antiques.
  7078 | D:9      | 7078 ||| SHOPLISTING potion of curing (66 gold, have 50).
  7078 | D:9      | 7078 ||| BUYING scroll of identify (44 gold).
  7078 | D:9      | Bought a scroll of identify for 44 gold pieces
  7078 | D:9      | 7078 ||| SHOPLISTING scroll of identify (44 gold, have 6).
  7106 | D:9      | Found Waikass's Antique Armour Shop.
  7107 | D:9      | 7107 ||| INVOKING Heroism.
  7125 | D:9      | 7125 ||| SHOPLISTING shadow dragon scales (2240 gold, have
                  | 6).
  7272 | D:9      | 7272 ||| Stepping ~*~*~tactically~*~*~ (hiding).
  7354 | D:9      | 7354 ||| DROPPING amulet of guardian spirit.
  7370 | D:10     | Entered Level 10 of the Dungeon
  7378 | D:10     | Noticed a two-headed ogre
  7379 | D:10     | 7379 ||| INVOKING Heroism.
  7384 | D:10     | Killed a two-headed ogre
  7504 | D:10     | 7504 ||| Stepping ~*~*~tactically~*~*~ (stealth).
  7519 | D:10     | Reached *** piety under Okawaru
  7629 | D:10     | 7629 ||| INVOKING Heroism.
  7650 | D:10     | Noticed a two-headed ogre
  7659 | D:10     | 7659 ||| INVOKING Heroism.
  7660 | D:10     | Killed a two-headed ogre
  7661 | D:10     | Reached skill level 9 in Fighting
  7661 | D:10     | Reached XP level 11. HP: 46/71 MP: 11/14
  7815 | D:10     | 7815 ||| Stepping ~*~*~tactically~*~*~ (stealth).
  7817 | D:10     | 7817 ||| Stepping ~*~*~tactically~*~*~ (hiding).
  7916 | D:10     | 7916 ||| Stepping ~*~*~tactically~*~*~ (stealth).
  7951 | D:10     | 7951 ||| Stepping ~*~*~tactically~*~*~ (stealth).
  8033 | D:10     | 8033 ||| Stepping ~*~*~tactically~*~*~ (stealth).
  8036 | D:10     | 8036 ||| Stepping ~*~*~tactically~*~*~ (stealth).
  8041 | D:10     | 8041 ||| INVOKING Heroism.
  8045 | D:10     | 8045 ||| Stepping ~*~*~tactically~*~*~ (hiding).
  8159 | D:10     | Found a staircase to the Orcish Mines.
  8164 | D:10     | 8164 ||| INVOKING Heroism.
  8397 | D:10     | 8397 ||| DROPPING +2 hat.
  8398 | D:10     | 8398 ||| DROPPING amulet of magic regeneration.
  8399 | D:10     | 8399 ||| READING scroll labelled VIEKOE CAEN.
  8399 | D:10     | Identified a scroll of acquirement
  8399 | D:10     | 8399 ||| ACQUIRING +3 warlock's mirror {omnireflect}
  8399 | D:10     | Acquired the +3 warlock's mirror {omnireflect}
  8399 | D:10     | Found the +3 warlock's mirror {omnireflect}
  8401 | D:10     | 8401 ||| UPGRADING to +3 warlock's mirror {omnireflect}.
  8411 | D:10     | 8411 ||| DROPPING +0 buckler.
  8412 | D:10     | 8412 ||| DRINKING 2 fuming clear potions.
  8536 | D:11     | 8536 ||| INVOKING Heroism.
  8542 | D:11     | Received a gift from Okawaru
  8551 | D:11     | Found a staircase to the Lair.
  8557 | D:11     | 8557 ||| INVOKING Heroism.
  8590 | D:11     | 8590 ||| Stepping ~*~*~tactically~*~*~ (hiding).
  8593 | D:11     | 8593 ||| Stepping ~*~*~tactically~*~*~ (hiding).
  8598 | D:11     | 8598 ||| INVOKING Heroism.
  8637 | D:11     | 8637 ||| INVOKING Heroism.
  8672 | D:11     | Found Inuep's Jewellery Shop.
  8727 | D:11     | 8727 ||| SHOPLISTING +5 ring of evasion (360 gold, have
                  | 148).
  8727 | D:11     | 8727 ||| SHOPLISTING ring of Efe Ucli {Wiz Str+4} (454
                  | gold, have 148).
  8727 | D:11     | 8727 ||| SHOPLISTING ring of fire (250 gold, have 148).
  8727 | D:11     | 8727 ||| SHOPLISTING ring of ice (250 gold, have 148).
  8727 | D:11     | 8727 ||| SHOPLISTING ring of resist corrosion (200 gold,
                  | have 148).
  8727 | D:11     | 8727 ||| SHOPLISTING ring of see invisible (150 gold, have
                  | 148).
  8727 | D:11     | 8727 ||| SHOPLISTING ring of willpower (250 gold, have
                  | 148).
  8766 | D:11     | 8766 ||| INVOKING Heroism.
  8771 | D:11     | 8771 ||| Stepping ~*~*~tactically~*~*~ (hiding).
  8773 | D:11     | 8773 ||| Stepping ~*~*~tactically~*~*~ (hiding).
  8787 | D:11     | Reached skill level 3 in Throwing
  8947 | D:11     | Noticed qw's ghost (journeyman GrFi)
  8950 | D:11     | Found a runed translucent door.
  8995 | D:11     | 8995 ||| Stepping ~*~*~tactically~*~*~ (hiding).
  8998 | D:11     | Noticed a purple ugly thing
  9007 | D:11     | Killed a purple ugly thing
  9008 | D:11     | Reached skill level 12 in Axes
  9133 | D:11     | 9133 ||| INVOKING Heroism.
  9251 | D:11     | 9251 ||| DROPPING +2 war axe of electrocution.
  9328 | D:11     | 9328 ||| PLANNING LAIR
  9328 | D:11     | 9328 ||| UPGRADING to +1 pair of boots.
  9362 | Lair:1   | Entered Level 1 of the Lair of Beasts
  9365 | Lair:1   | Reached **** piety under Okawaru
  9367 | Lair:1   | 9367 ||| INVOKING Heroism.
  9380 | Lair:1   | Reached skill level 9 in Armour
  9460 | Lair:1   | Received a gift from Okawaru
  9633 | Lair:1   | 9633 ||| INVOKING Heroism.
  9659 | Lair:1   | 9659 ||| INVOKING Heroism.
  9679 | Lair:1   | Reached skill level 6 in Shields
  9679 | Lair:1   | Reached XP level 12. HP: 73/76 MP: 16/16
  9703 | Lair:1   | Reached skill level 6 in Invocations
  9821 | Lair:1   | 9821 ||| INVOKING Heroism.
  9864 | Lair:1   | 9864 ||| Stepping ~*~*~tactically~*~*~ (stealth).
  9870 | Lair:1   | 9870 ||| Stepping ~*~*~tactically~*~*~ (stealth).
  9871 | Lair:1   | 9871 ||| Stepping ~*~*~tactically~*~*~ (stealth).
  9872 | Lair:1   | 9872 ||| Stepping ~*~*~tactically~*~*~ (stealth).
  9873 | Lair:1   | 9873 ||| Stepping ~*~*~tactically~*~*~ (stealth).
  9874 | Lair:1   | 9874 ||| Stepping ~*~*~tactically~*~*~ (stealth).
  9875 | Lair:1   | 9875 ||| Stepping ~*~*~tactically~*~*~ (stealth).
  9908 | Lair:1   | 9908 ||| INVOKING Heroism.
  9966 | Lair:1   | 9966 ||| Stepping ~*~*~tactically~*~*~ (hiding).
  9973 | Lair:1   | Received a gift from Okawaru
 10113 | Lair:1   | 10113 ||| Stepping ~*~*~tactically~*~*~ (stealth).
 10116 | Lair:1   | 10116 ||| INVOKING Heroism.
 10132 | Lair:1   | 10132 ||| Stepping ~*~*~tactically~*~*~ (stealth).
 10133 | Lair:1   | 10133 ||| INVOKING Heroism.
 10292 | Lair:1   | 10292 ||| READING scroll of enchant weapon.
 10292 | Lair:1   | 10292 ||| ENCHANTING +3 broad axe of flaming.
 10372 | Lair:1   | 10372 ||| READING scroll labelled MIURORAUVU.
 10396 | Lair:2   | Noticed a skyshark
 10405 | Lair:2   | Killed a skyshark
 10459 | Lair:2   | 10459 ||| READING scroll of brand weapon.
 10459 | Lair:2   | 10459 ||| BRANDING +4 broad axe of flaming.
 10637 | Lair:2   | Found a runed translucent door.
 10735 | Lair:2   | 10735 ||| Stepping ~*~*~tactically~*~*~ (stealth).
 10737 | Lair:2   | 10737 ||| Stepping ~*~*~tactically~*~*~ (hiding).
 10745 | Lair:2   | Found a staircase to the Snake Pit.
 10876 | Lair:2   | 10876 ||| Stepping ~*~*~tactically~*~*~ (stealth).
 10977 | Lair:2   | Received a gift from Okawaru
 11002 | Lair:2   | Found a staircase to the Shoals.
 11206 | Lair:2   | Noticed a reaper
 11208 | Lair:2   | 11208 ||| READING 12 scrolls of identify.
 11208 | Lair:2   | 11208 ||| IDENTIFYING smoky emerald potion
 11209 | Lair:2   | 11209 ||| READING 11 scrolls of identify.
 11209 | Lair:2   | 11209 ||| IDENTIFYING pink potion
 11210 | Lair:2   | 11210 ||| DROPPING potion of ambrosia.
 11398 | Lair:3   | 11398 ||| INVOKING Heroism.
 11646 | Lair:3   | Reached ***** piety under Okawaru
 11649 | Lair:3   | Received a gift from Okawaru
 11651 | Lair:3   | Noticed a death yak
 11652 | Lair:3   | 11652 ||| INVOKING Heroism.
 11660 | Lair:3   | Reached skill level 9 in Invocations
 11664 | Lair:3   | Killed a death yak
 11665 | Lair:3   | Reached XP level 13. HP: 40/82 MP: 17/19
 11671 | Lair:3   | 11671 ||| INVOKING Finesse.
 11699 | Lair:3   | 11699 ||| INVOKING Heroism.
 11709 | Lair:3   | Identified the +0 hat "Wadieth" {Dex+3} (Okawaru gifted it
                  | to you on level 3 of the Lair of Beasts)
 11709 | Lair:3   | Received a gift from Okawaru
 12142 | Lair:3   | 12142 ||| Stepping ~*~*~tactically~*~*~ (stealth).
 12207 | Lair:3   | 12207 ||| DROPPING +0 hat "Wadieth" {Dex+3}.
 12221 | Lair:4   | 12221 ||| INVOKING Heroism.
 12238 | Lair:4   | Noticed Sonja
 12244 | Lair:4   | Killed Sonja
 12244 | Lair:4   | Noticed Snorg
 12245 | Lair:4   | 12245 ||| INVOKING Finesse.
 12263 | Lair:4   | Killed Snorg
 12347 | Lair:4   | 12347 ||| Stepping ~*~*~tactically~*~*~ (stealth).
 12462 | Lair:4   | Found a staircase to the Slime Pits.
 12463 | Lair:4   | 12463 ||| Stepping ~*~*~tactically~*~*~ (stealth).
 12468 | Lair:4   | 12468 ||| Stepping ~*~*~tactically~*~*~ (stealth).
 12474 | Lair:4   | 12474 ||| INVOKING Heroism.
 12680 | Lair:4   | 12680 ||| INVOKING Heroism.
 13315 | Lair:4   | 13315 ||| UPGRADING to +2 plate armour of poison
                  | resistance.
 13325 | Lair:4   | 13325 ||| DROPPING +0 plate armour.
 13384 | Lair:5   | Entered Level 5 of the Lair of Beasts
 13400 | Lair:5   | 13400 ||| Stepping ~*~*~tactically~*~*~ (stealth).
 13401 | Lair:5   | 13401 ||| INVOKING Heroism.
 13423 | Lair:5   | 13423 ||| INVOKING Heroism.
 13441 | Lair:5   | Received a gift from Okawaru
 13605 | Lair:5   | 13605 ||| INVOKING Heroism.
 13620 | Lair:5   | 13620 ||| Stepping ~*~*~tactically~*~*~ (hiding).
 13623 | Lair:5   | 13623 ||| Stepping ~*~*~tactically~*~*~ (hiding).
 13640 | Lair:5   | Gained mutation: Your large and strong wings let you fly.
                  | [Gargoyle growth]
 13640 | Lair:5   | Reached XP level 14. HP: 90/90 MP: 21/21
 13695 | Lair:5   | 13695 ||| Stepping ~*~*~tactically~*~*~ (stealth).
 13698 | Lair:5   | 13698 ||| INVOKING Heroism.
 13699 | Lair:5   | 13699 ||| Stepping ~*~*~tactically~*~*~ (stealth).
 13704 | Lair:5   | 13704 ||| Stepping ~*~*~tactically~*~*~ (stealth).
 13709 | Lair:5   | 13709 ||| SWAPPING to +0 flail.
 13713 | Lair:5   | 13713 ||| SWAPPING to +4 broad axe of venom.
 13726 | Lair:5   | 13726 ||| Stepping ~*~*~tactically~*~*~ (stealth).
 13741 | Lair:5   | 13741 ||| INVOKING Heroism.
 13802 | Lair:5   | 13802 ||| INVOKING Heroism.
 13836 | Lair:5   | Noticed Urug
 13848 | Lair:5   | 13848 ||| INVOKING Heroism.
 13853 | Lair:5   | Killed Urug
 13999 | Lair:5   | 13999 ||| INVOKING Heroism.
 14107 | Lair:5   | 14107 ||| Stepping ~*~*~tactically~*~*~ (stealth).
 14144 | Lair:5   | Reached skill level 15 in Axes
 14300 | Lair:5   | Received a gift from Okawaru
 14387 | Lair:5   | Reached skill level 12 in Fighting
 14421 | Lair:5   | Identified the +7 dagger "Raisyev" {antimagic, rElec rPois
                  | rC- Dex+6}
 14423 | Lair:5   | 14423 ||| Stepping ~*~*~tactically~*~*~ (hiding).
 14439 | Lair:5   | 14439 ||| INVOKING Heroism.
 14495 | Lair:5   | 14495 ||| Stepping ~*~*~tactically~*~*~ (hiding).
 14498 | Lair:5   | 14498 ||| Stepping ~*~*~tactically~*~*~ (hiding).
 14676 | Lair:5   | 14676 ||| Stepping ~*~*~tactically~*~*~ (stealth).
 14873 | Lair:5   | 14873 ||| Stepping ~*~*~tactically~*~*~ (stealth).
 14877 | Lair:5   | 14877 ||| Stepping ~*~*~tactically~*~*~ (stealth).
 14881 | Lair:5   | 14881 ||| Stepping ~*~*~tactically~*~*~ (stealth).
 14970 | Lair:5   | Received a gift from Okawaru
 15202 | Lair:5   | Reached skill level 12 in Armour
 15374 | Lair:5   | 15374 ||| Stepping ~*~*~tactically~*~*~ (hiding).
 15387 | Lair:5   | 15387 ||| INVOKING Heroism.
 15456 | Lair:5   | 15456 ||| Stepping ~*~*~tactically~*~*~ (stealth).
 15469 | Lair:5   | Reached skill level 6 in Throwing
 15480 | Lair:5   | Found a corrupted altar of Lugonu.
 15481 | Lair:5   | Found a one-way gate to the infinite horrors of the Abyss.
 15591 | Lair:5   | 15591 ||| PLANNING D
 15591 | Lair:5   | 15591 ||| READING scroll labelled QOPPATR AWETT.
 15670 | D:12     | 15670 ||| Stepping ~*~*~tactically~*~*~ (hiding).
 15672 | D:12     | 15672 ||| Stepping ~*~*~tactically~*~*~ (hiding).
 15673 | D:12     | 15673 ||| Stepping ~*~*~tactically~*~*~ (hiding).
 15674 | D:12     | 15674 ||| Stepping ~*~*~tactically~*~*~ (hiding).
 15675 | D:12     | 15675 ||| Stepping ~*~*~tactically~*~*~ (hiding).
 15676 | D:12     | 15676 ||| Stepping ~*~*~tactically~*~*~ (hiding).
 15677 | D:12     | 15677 ||| Stepping ~*~*~tactically~*~*~ (hiding).
 15872 | D:12     | Noticed Gastronok
 15886 | D:12     | Killed Gastronok
 15952 | D:12     | 15952 ||| Stepping ~*~*~tactically~*~*~ (hiding).
 16150 | D:12     | Noticed qw's ghost (journeyman GrCA)
 16159 | D:12     | Found a transporter.
 16271 | D:12     | 16271 ||| Stepping ~*~*~tactically~*~*~ (hiding).
 16282 | D:12     | 16282 ||| Stepping ~*~*~tactically~*~*~ (hiding).
 16283 | D:12     | 16283 ||| Stepping ~*~*~tactically~*~*~ (hiding).
 16304 | D:12     | 16304 ||| Stepping ~*~*~tactically~*~*~ (stealth).
 16307 | D:12     | 16307 ||| Stepping ~*~*~tactically~*~*~ (hiding).
 16317 | D:12     | 16317 ||| Stepping ~*~*~tactically~*~*~ (stealth).
 16421 | D:12     | 16421 ||| READING scroll of enchant armour.
 16421 | D:12     | 16421 ||| ENCHANTING +0 pair of gloves.
 16561 | D:12     | Found a transporter.
 16637 | D:12     | 16637 ||| Stepping ~*~*~tactically~*~*~ (hiding).
 16639 | D:12     | 16639 ||| Stepping ~*~*~tactically~*~*~ (hiding).
 16775 | D:12     | 16775 ||| READING 12 scrolls of identify.
 16775 | D:12     | 16775 ||| IDENTIFYING ruby potion
 16860 | D:13     | Identified the scarf "Vam Raol" {harm, Rampage *Corrode
                  | MP-9 Dex+6} (Okawaru gifted it to you on level 13 of the
                  | Dungeon)
 16860 | D:13     | Received a gift from Okawaru
 16866 | D:13     | 16866 ||| INVOKING Heroism.
 16870 | D:13     | Reached XP level 15. HP: 42/96 MP: 19/22
 17227 | D:13     | 17227 ||| Stepping ~*~*~tactically~*~*~ (hiding).
 17228 | D:13     | 17228 ||| Stepping ~*~*~tactically~*~*~ (hiding).
 17437 | D:13     | Found a gate to the Vaults.
 17454 | D:13     | Reached skill level 3 in Dodging
 17529 | D:13     | 17529 ||| Stepping ~*~*~tactically~*~*~ (hiding).
 17660 | D:13     | 17660 ||| DROPPING scarf "Vam Raol" {harm, Rampage *Corrode
                  | MP-9 Dex+6}.
 17661 | D:13     | 17661 ||| UPGRADING to +0 tower shield.
 17671 | D:13     | 17671 ||| DROPPING +3 warlock's mirror {omnireflect}.
 17738 | D:14     | 17738 ||| INVOKING Heroism.
 17808 | D:14     | 17808 ||| DROPPING +0 flail.
 17830 | D:14     | Reached skill level 9 in Shields
 17937 | D:14     | 17937 ||| Stepping ~*~*~tactically~*~*~ (hiding).
 17938 | D:14     | 17938 ||| Stepping ~*~*~tactically~*~*~ (hiding).
 17940 | D:14     | 17940 ||| Stepping ~*~*~tactically~*~*~ (hiding).
 17947 | D:14     | 17947 ||| Stepping ~*~*~tactically~*~*~ (hiding).
 17948 | D:14     | 17948 ||| Stepping ~*~*~tactically~*~*~ (hiding).
 18036 | D:14     | 18036 ||| Stepping ~*~*~tactically~*~*~ (hiding).
 18039 | D:14     | 18039 ||| Stepping ~*~*~tactically~*~*~ (stealth).
 18049 | D:14     | 18049 ||| INVOKING Heroism.
 18064 | D:14     | 18064 ||| READING 8 scrolls of teleportation.
 18176 | D:14     | 18176 ||| INVOKING Heroism.
 18237 | D:14     | 18237 ||| READING scroll of enchant armour.
 18237 | D:14     | 18237 ||| ENCHANTING +1 pair of gloves.
 18376 | D:15     | Entered Level 15 of the Dungeon
 18378 | D:15     | 18378 ||| INVOKING Heroism.
 18379 | D:15     | 18379 ||| INVOKING Finesse.
 18386 | D:15     | 18386 ||| SWAPPING to +0 morningstar.
 18397 | D:15     | 18397 ||| SWAPPING to +4 broad axe of venom.
 18492 | D:15     | 18492 ||| Stepping ~*~*~tactically~*~*~ (stealth).
 18524 | D:15     | 18524 ||| Stepping ~*~*~tactically~*~*~ (stealth).
 18531 | D:15     | 18531 ||| Stepping ~*~*~tactically~*~*~ (stealth).
 18533 | D:15     | 18533 ||| Stepping ~*~*~tactically~*~*~ (stealth).
 18537 | D:15     | 18537 ||| INVOKING Heroism.
 18540 | D:15     | 18540 ||| READING 7 scrolls of teleportation.
 18545 | D:15     | 18545 ||| Stepping ~*~*~tactically~*~*~ (hiding).
 18546 | D:15     | 18546 ||| INVOKING Finesse.
 18547 | D:15     | 18547 ||| Stepping ~*~*~tactically~*~*~ (hiding).
 18548 | D:15     | 18548 ||| Stepping ~*~*~tactically~*~*~ (hiding).
 18550 | D:15     | 18550 ||| SWAPPING to +0 morningstar.
 18563 | D:15     | HP: 24/96 [seven-headed hydra (1)]
 18564 | D:15     | 18564 ||| READING 6 scrolls of teleportation.
 18564 | D:15     | HP: 6/96 [seven-headed hydra (14)]
 18565 | D:15     | 18565 ||| DRINKING 4 potions of heal wounds.
 18566 | D:15     | 18566 ||| DRINKING 3 potions of heal wounds.
 18568 | D:15     | 18568 ||| DRINKING 2 potions of heal wounds.
 18569 | D:15     | 18569 ||| SWAPPING to +4 broad axe of venom.
 18585 | D:15     | 18585 ||| Stepping ~*~*~tactically~*~*~ (stealth).
 18586 | D:15     | 18586 ||| INVOKING Heroism.
 18603 | D:15     | Received a gift from Okawaru
 18606 | D:15     | HP: 10/96 [white ugly thing (26)]
 18607 | D:15     | 18607 ||| READING 5 scrolls of teleportation.
 18608 | D:15     | 18608 ||| DRINKING potion of heal wounds.
 18845 | D:15     | Reached skill level 12 in Shields
 18857 | D:15     | Found a white marble altar of Elyvilon.
 18911 | D:15     | 18911 ||| INVOKING Heroism.
 18937 | D:15     | 18937 ||| SWAPPING to +0 morningstar.
 18950 | D:15     | 18950 ||| INVOKING Finesse.
 18962 | D:15     | 18962 ||| SWAPPING to +4 broad axe of venom.
 18966 | D:15     | HP: 19/96 [two-headed ogre/+0 giant spiked club (11)]
 18967 | D:15     | 18967 ||| READING 4 scrolls of teleportation.
 19212 | D:15     | 19212 ||| Stepping ~*~*~tactically~*~*~ (hiding).
 19213 | D:15     | 19213 ||| Stepping ~*~*~tactically~*~*~ (hiding).
 19214 | D:15     | 19214 ||| Stepping ~*~*~tactically~*~*~ (hiding).
 19297 | D:15     | 19297 ||| Stepping ~*~*~tactically~*~*~ (stealth).
 19302 | D:15     | 19302 ||| Stepping ~*~*~tactically~*~*~ (stealth).
 19303 | D:15     | 19303 ||| Stepping ~*~*~tactically~*~*~ (stealth).
 19312 | D:15     | 19312 ||| Stepping ~*~*~tactically~*~*~ (stealth).
 19314 | D:15     | 19314 ||| Stepping ~*~*~tactically~*~*~ (stealth).
 19315 | D:15     | 19315 ||| Stepping ~*~*~tactically~*~*~ (stealth).
 19316 | D:15     | 19316 ||| Stepping ~*~*~tactically~*~*~ (stealth).
 19328 | D:15     | 19328 ||| INVOKING Heroism.
 19380 | D:15     | 19380 ||| Stepping ~*~*~tactically~*~*~ (hiding).
 19386 | D:15     | Paralysed by a great orb of eyes for 5 turns
 19420 | D:15     | Reached XP level 16. HP: 94/101 MP: 23/23
 19440 | D:15     | Found a staircase to the Depths.
 19802 | D:15     | 19802 ||| PLANNING ORC
 19802 | D:15     | 19802 ||| UPGRADING to ring of protection from cold.
 19803 | D:15     | 19803 ||| READING scroll labelled BIERIY AJOWE.
 19938 | Orc:1    | Entered Level 1 of the Orcish Mines
 19950 | Orc:1    | 19950 ||| INVOKING Heroism.
 20138 | Orc:1    | 20138 ||| Stepping ~*~*~tactically~*~*~ (stealth).
 20139 | Orc:1    | 20139 ||| Stepping ~*~*~tactically~*~*~ (stealth).
 20140 | Orc:1    | 20140 ||| Stepping ~*~*~tactically~*~*~ (stealth).
 20145 | Orc:1    | 20145 ||| Stepping ~*~*~tactically~*~*~ (hiding).
 20384 | Orc:1    | 20384 ||| Stepping ~*~*~tactically~*~*~ (stealth).
 20386 | Orc:1    | 20386 ||| Stepping ~*~*~tactically~*~*~ (stealth).
 20436 | Orc:1    | 20436 ||| Stepping ~*~*~tactically~*~*~ (stealth).
 20437 | Orc:1    | 20437 ||| Stepping ~*~*~tactically~*~*~ (stealth).
 20510 | Orc:1    | 20510 ||| DROPPING +0 morningstar.
 20513 | Orc:1    | 20513 ||| Stepping ~*~*~tactically~*~*~ (stealth).
 20515 | Orc:1    | 20515 ||| Stepping ~*~*~tactically~*~*~ (hiding).
 20516 | Orc:1    | 20516 ||| Stepping ~*~*~tactically~*~*~ (hiding).
 20517 | Orc:1    | 20517 ||| Stepping ~*~*~tactically~*~*~ (hiding).
 20536 | Orc:1    | 20536 ||| Stepping ~*~*~tactically~*~*~ (stealth).
 20638 | Orc:1    | 20638 ||| Stepping ~*~*~tactically~*~*~ (hiding).
 20645 | Orc:1    | 20645 ||| Stepping ~*~*~tactically~*~*~ (stealth).
 20665 | Orc:1    | 20665 ||| Stepping ~*~*~tactically~*~*~ (hiding).
 20666 | Orc:1    | 20666 ||| Stepping ~*~*~tactically~*~*~ (stealth).
 20667 | Orc:1    | 20667 ||| Stepping ~*~*~tactically~*~*~ (hiding).
 20859 | Orc:2    | Entered Level 2 of the Orcish Mines
 20891 | Orc:2    | Found a staircase to the Elven Halls.
 20936 | Orc:2    | 20936 ||| Stepping ~*~*~tactically~*~*~ (hiding).
 20967 | Orc:2    | 20967 ||| Stepping ~*~*~tactically~*~*~ (stealth).
 20968 | Orc:2    | 20968 ||| Stepping ~*~*~tactically~*~*~ (stealth).
 20970 | Orc:2    | 20970 ||| Stepping ~*~*~tactically~*~*~ (stealth).
 20971 | Orc:2    | 20971 ||| Stepping ~*~*~tactically~*~*~ (stealth).
 21185 | Orc:2    | 21185 ||| Stepping ~*~*~tactically~*~*~ (hiding).
 21188 | Orc:2    | 21188 ||| Stepping ~*~*~tactically~*~*~ (hiding).
 21192 | Orc:2    | 21192 ||| INVOKING Heroism.
 21205 | Orc:2    | Found Zotsocki's General Store.
 21226 | Orc:2    | Received a gift from Okawaru
 21227 | Orc:2    | 21227 ||| INVOKING Finesse.
 21258 | Orc:2    | Gained mutation: You are dopey. (Int -2) [a neqoxec]
 21290 | Orc:2    | 21290 ||| Stepping ~*~*~tactically~*~*~ (stealth).
 21291 | Orc:2    | 21291 ||| INVOKING Heroism.
 21299 | Orc:2    | Reached skill level 15 in Shields
 21316 | Orc:2    | 21316 ||| Stepping ~*~*~tactically~*~*~ (stealth).
 21317 | Orc:2    | 21317 ||| Stepping ~*~*~tactically~*~*~ (stealth).
 21319 | Orc:2    | 21319 ||| Stepping ~*~*~tactically~*~*~ (stealth).
 21381 | Orc:2    | 21381 ||| DROPPING +3 morningstar of protection.
 21384 | Orc:2    | Found Hoinaph's Weapon Shop.
 21387 | Orc:2    | 21387 ||| INVOKING Heroism.
 21428 | Orc:2    | 21428 ||| BUYING potion of heal wounds (75 gold).
 21428 | Orc:2    | Bought a potion of heal wounds for 75 gold pieces
 21431 | Orc:2    | Found Cequrayl's Assorted Antiques.
 21433 | Orc:2    | Found Maojiyn's Magic Scroll Shoppe.
 21441 | Orc:2    | 21441 ||| BUYING potion of mutation (240 gold).
 21441 | Orc:2    | Bought a potion of mutation for 240 gold pieces
 21441 | Orc:2    | 21441 ||| BUYING scroll of teleportation (90 gold).
 21441 | Orc:2    | Bought a scroll of teleportation for 90 gold pieces
 21443 | Orc:2    | 21443 ||| BUYING scroll of enchant armour (120 gold).
 21443 | Orc:2    | Bought a scroll of enchant armour for 120 gold pieces
 21443 | Orc:2    | 21443 ||| READING scroll of enchant armour.
 21443 | Orc:2    | 21443 ||| ENCHANTING +0 helmet.
 21469 | Orc:2    | 21469 ||| PLANNING SNAKE:1-3
 21618 | Snake:1  | Entered Level 1 of the Snake Pit
 21618 | Snake:1  | Found a hazy altar of Hepliaklqana.
 21780 | Snake:1  | 21780 ||| Stepping ~*~*~tactically~*~*~ (stealth).
 21950 | Snake:1  | 21950 ||| INVOKING Heroism.
 21967 | Snake:1  | 21967 ||| Stepping ~*~*~tactically~*~*~ (stealth).
 22045 | Snake:1  | 22045 ||| Stepping ~*~*~tactically~*~*~ (stealth).
 22167 | Snake:1  | Noticed Azrael
 22168 | Snake:1  | 22168 ||| INVOKING Heroism.
 22169 | Snake:1  | 22169 ||| INVOKING Finesse.
 22190 | Snake:1  | Killed Azrael
 22386 | Snake:1  | Received a gift from Okawaru
 22510 | Snake:1  | Found Rohix's Distillery.
 22519 | Snake:1  | 22519 ||| BUYING 2 potions of haste (320 gold).
 22519 | Snake:1  | Bought 2 potions of haste for 320 gold pieces
 22519 | Snake:1  | 22519 ||| BUYING potion of curing (48 gold).
 22519 | Snake:1  | Bought a potion of curing for 48 gold pieces
 22519 | Snake:1  | 22519 ||| BUYING potion of curing (48 gold).
 22519 | Snake:1  | Bought a potion of curing for 48 gold pieces
 22519 | Snake:1  | 22519 ||| BUYING potion of heal wounds (80 gold).
 22519 | Snake:1  | Bought a potion of heal wounds for 80 gold pieces
 22519 | Snake:1  | 22519 ||| BUYING potion of heal wounds (80 gold).
 22519 | Snake:1  | Bought a potion of heal wounds for 80 gold pieces
 22519 | Snake:1  | 22519 ||| BUYING potion of heal wounds (80 gold).
 22519 | Snake:1  | Bought a potion of heal wounds for 80 gold pieces
 22519 | Snake:1  | 22519 ||| BUYING potion of lignification (48 gold).
 22519 | Snake:1  | Bought a potion of lignification for 48 gold pieces
 22742 | Snake:1  | 22742 ||| DROPPING +1 pair of gloves.
 22743 | Snake:1  | 22743 ||| UPGRADING to +6 ring of dexterity.
 22754 | Snake:2  | 22754 ||| Stepping ~*~*~tactically~*~*~ (hiding).
 22765 | Snake:2  | 22765 ||| Stepping ~*~*~tactically~*~*~ (hiding).
 22769 | Snake:2  | 22769 ||| INVOKING Heroism.
 22792 | Snake:2  | HP: 21/101 [shock serpent/bolt of electricity (8)]
 22793 | Snake:2  | 22793 ||| READING 4 scrolls of teleportation.
 22793 | Snake:2  | Slain by a naga warrior

Levels and vault maps discovered:
D:1:      dpeg_arrival_water_altar, layout_loops_ring, serial_shops, shop, shop,
          hangedman_abyss_or_decor_stabs
D:2:      minmay_evil_eye, layout_basic, shapermc_ecumenical_altar_gd,
          serial_shops, nicolae_shop_window_shopping
D:3:      layout_basic, nicolae_tso_besieged_by_evil, grunt_temple_overflow_open
D:4:      layout_rooms, minmay_temple_entry_large_hall, serial_bayou_pond_e
D:5:      minmay_spotlight, layout_basic, vehumet_altar_wand_db,
          bh_walls_and_bars, uniq_prince_ribbit1, uniq_eustachio, uniq_ijyb
D:6:      layout_cave_pools
D:7:      layout_basic, mainiacjoe_overflow_six_doors_small,
          chequers_temple_overflow_statue_of_worship
D:8:      layout_loops_ring, kennysheep_mini
D:9:      layout_loops_ring, serial_shops, nicolae_shop_back_alley_shop,
          nicolae_shop_rolling_square, shop, nicolae_shop_tiny_waterfront
D:10:     nicolae_cairo_tiling, layout_basic, erik_orc_1, minmay_between
D:11:     layout_cave_pools, erik_lair_island, hellmonk_ghost_happy_afterlife,
          serial_shops, nicolae_shop_just_a_little_nook
D:12:     layout_stronghold, nzn_ghost_randoct, hangedman_decor_opposing,
          uniq_gastronok
D:13:     layout_cave_pools, david_vaults_5, kennysheep_opposing_triangles
D:14:     layout_roguey, hex_tiny
D:15:     gammafunk_enter_depths_forms, layout_irregular_city,
          nicolae_elyvilon_temple_path, kennysheep_crisscross
Temple:   minmay_temple_curvy_branch
Lair:1:   layout_chaotic_city, enter_volcano_1, st_stairs_11,
          columned_hall_lemuel, serial_bayou_ford_a
Lair:2:   layout_gridlike, shoals_dummy_entry, nicolae_snake_entry_squirm,
          pdpol_lair_cabin_in_the_woods
Lair:3:   layout_chaotic_city, grunt_forest_large_clearings
Lair:4:   layout_concentric_octagons, minmay_slime_entry_pillars,
          grunt_forest_stairs_basic, minmay_holes, minmay_lair_oklob_items,
          nicolae_quartered_pool_impasse, serial_bayou_shore_a, uniq_snorg,
          uniq_urug, uniq_sonja
Lair:5:   hellmonk_lair_end_abyssal_woods, layout_cave_pods
Snake:1:  layout_onion, basic_altar, serial_shops, nicolae_shop_statue_plus,
          serial_bayou_shore_b, grunt_megastairs_4, uniq_azrael
Snake:2:  layout_onion, nicolae_snake_salamander_zone, grunt_megastairs_3,
          serial_bayou_shore_b
Orc:1:    minmay_goldmine, layout_caves, david_defended_altar_orc
Orc:2:    st_orc_elflike, layout_caves

Skill      XL: |  1  2  3  4  5  6  7  8  9 10 11 12 13 14 15 16 |
---------------+-------------------------------------------------+-----
Axes           | 2 3 4 5 6 7 8 9 11 12 13 14 15 16 | 16.0
Fighting       | 4 5 6 7 9 10 11 12 | 12.0
Dodging        | 1 2 3 |  3.5
Armour         | 4 6 8 9 11 12 | 12.0
Invocations    | 4 5 9 10 | 10.0
Throwing       | 1 3 4 5 6 |  6.0
Shields        | 4 5 6 7 13 16 | 16.1

Action                     |  1- 3 |  4- 6 |  7- 9 | 10-12 | 13-15 | 16-18 || total
---------------------------+-------+-------+-------+-------+-------+-------++-------
  Melee: War axe           |   103 |   107 |   176 |       |       |       ||   386
         Broad axe         |       |       |    68 |   512 |   850 |   366 ||  1796
         Flail             |       |       |       |       |     3 |       ||     3
         Morningstar       |       |       |       |       |    47 |       ||    47
  Throw: Boomerang         |     5 |     8 |    34 |    37 |    82 |    38 ||   204
         Javelin           |       |       |       |    32 |    92 |    24 ||   148
 Invoke: Heroism           |       |       |    11 |    26 |    23 |     7 ||    67
         Finesse           |       |       |       |       |     5 |     2 ||     7
    Use: Scroll            |     5 |     6 |     6 |     7 |     9 |     3 ||    36
         Potion            |       |       |     4 |     1 |     4 |       ||     9
   Stab: Petrified         |       |       |       |     2 |     2 |       ||     4
         Petrifying        |       |       |       |     1 |       |       ||     1
         Distracted        |       |       |       |       |     1 |       ||     1
 Armour: Scale mail        |    63 |    26 |       |       |       |       ||    89
         Chain mail        |       |    20 |   120 |       |       |       ||   140
         Plate armour      |       |       |    38 |   275 |   486 |   108 ||   907
  Dodge: Dodged            |    39 |    27 |    80 |   147 |   205 |    44 ||   542
  Block: Buckler           |    15 |    16 |    40 |   342 |   340 |       ||   753
         Reflection        |       |       |       |    14 |    49 |    13 ||    76
         Tower shield      |       |       |       |       |   339 |   320 ||   659

Table legend:
 A = Non-vault XP
 B = Vault XP
 C = Vault XP percentage of total XP
 D = Non-vault monster count
 E = Vault monster count
 F = Vault count percentage of total count
                 A         B        C        D         E       F
            +---------+---------+-------+---------+---------+-------
      Total |  115639 |   42857 |  27.0 |     584 |     189 |  24.5
            +---------+---------+-------+---------+---------+-------
        D:1 |      27 |       0 |   0.0 |      16 |       0 |   0.0
        D:2 |      68 |      22 |  24.4 |      17 |       4 |  19.0
        D:3 |     260 |      21 |   7.5 |      27 |      12 |  30.8
        D:4 |     602 |       0 |   0.0 |      20 |       0 |   0.0
        D:5 |     745 |     632 |  45.9 |      23 |       6 |  20.7
        D:6 |    1255 |       0 |   0.0 |      33 |       0 |   0.0
        D:7 |     755 |       0 |   0.0 |      16 |       0 |   0.0
        D:8 |     607 |       0 |   0.0 |      21 |       0 |   0.0
        D:9 |    2463 |       0 |   0.0 |      38 |       0 |   0.0
       D:10 |    2007 |    1388 |  40.9 |      19 |      18 |  48.6
       D:11 |    3461 |     839 |  19.5 |      27 |       8 |  22.9
       D:12 |    5797 |    1455 |  20.1 |      27 |       1 |   3.6
       D:13 |    5562 |    2666 |  32.4 |      17 |       5 |  22.7
       D:14 |   12170 |       0 |   0.0 |      25 |       0 |   0.0
       D:15 |   21488 |    4086 |  16.0 |      44 |       8 |  15.4
     Lair:1 |    6241 |     662 |   9.6 |      28 |       2 |   6.7
     Lair:2 |    3476 |    1244 |  26.4 |      10 |       6 |  37.5
     Lair:3 |    9733 |    3594 |  27.0 |      30 |      30 |  50.0
     Lair:4 |    2523 |    2709 |  51.8 |       7 |       4 |  36.4
     Lair:5 |   20642 |   11339 |  35.5 |      63 |      36 |  36.4
    Snake:1 |    9306 |    3787 |  28.9 |      20 |      10 |  33.3
    Snake:2 |    2150 |       0 |   0.0 |       3 |       0 |   0.0
      Orc:1 |    2761 |     419 |  13.2 |      37 |      14 |  27.5
      Orc:2 |    1540 |    7994 |  83.8 |      16 |      25 |  61.0
            +---------+---------+-------+---------+---------+-------
